 Dungeon Crawl Stone Soup version 0.28-a0-687-gb91baff9cc (webtiles) character file.

Game seed: 9712349202182012852

144 mordus the Shield-Bearer (level 5, -3/41 HPs)
             Began as a Formicid Fighter on Oct 19, 2021.
             Slain by a wyvern (16 damage)
             ... on level 4 of the Dungeon.
             The game lasted 00:02:13 (3480 turns).

mordus the Shield-Bearer (Formicid Fighter)         Turns: 3480, Time: 00:02:13

Health: -3/41      AC:  7    Str: 21    XL:     5   Next: 51%
Magic:  5/5        EV: 24    Int:  8    God:
Gold:   123        SH:  5    Dex: 16    Spells: 4/4 levels left

rFire   . . .      SeeInvis +   a - +0 flail
rCold   . . .      Faith    .   c - +0 buckler
rNeg    . . .      Spirit   .   b - +0 scale mail
rPois   .          Reflect  .   (helmet unavailable)
rElec   .          Harm     .   (no cloak)
rCorr   .          Rampage  .   (no gloves)
Will    .....                   (no boots)
Stlth   ..........              n - amulet of the acrobat
HPRegen 0.13/turn               q - +6 ring of dexterity
MPRegen 0.09/turn               (no ring)

@: acrobatic
A: permanent stasis, dig shafts and tunnels, antennae 3, four strong arms
a: Dig, Shaft Self


You were on level 4 of the Dungeon.
You visited 1 branch of the dungeon, and saw 4 of its levels.

You collected 123 gold pieces.

Inventory:

Hand Weapons
 a - a +0 flail (weapon)
Armour
 b - a +0 scale mail (worn)
 c - a +0 buckler (worn)
Jewellery
 f - a +6 ring of intelligence
 m - a ring of wizardry
 n - an amulet of the acrobat (around neck)
 q - a +6 ring of dexterity (left hand)
Scrolls
 e - 2 scrolls of identify {unknown}
 j - 2 scrolls of fear {unknown}
 o - a scroll of noise {unknown}
Potions
 d - 2 potions of might
 g - 2 potions of attraction {unknown}
 h - a potion of lignification {unknown}
 i - a potion of invisibility {unknown}
 k - a potion of ambrosia {unknown}
 l - 3 potions of degeneration {unknown}
 p - a potion of heal wounds {unknown}
 r - a potion of mutation {unknown}


   Skills:
 - Level 3.2 Fighting
 * Level 4.0 Maces & Flails
 + Level 4.2 Armour
 + Level 4.6 Shields


You had 4 spell levels left.
You didn't know any spells.
Your spell library contained the following spells:

 Spells                   Type           Power      Damage    Failure   Level
 Slow                     Hex            0%         N/A       86%         2
 Sublimation of Blood     Necr           0%         N/A       86%         2
 Wereblood                Tmut           0%         N/A       86%         2
 Confusing Touch          Hex            0%         N/A       98%         3
 Yara's Violent Unravell  Hex/Tmut       0%         3d3       100%        5
 Summon Hydra             Summ           0%         N/A       100%        7


Dungeon Overview and Level Annotations

Branches:
Dungeon (4/15)
 Temple: D:4-7

Altars:


Innate Abilities, Weirdness & Mutations

You cannot be hasted, slowed, berserked, paralysed or teleported.
You can dig through walls and to a lower floor.
You have a pair of large antennae on your head. (SInv)
Your four strong arms can wield two-handed weapons with a shield.


Message History

The dart slug launches a dart at you. The slug dart misses you.
You sock the dart slug!
You kill the dart slug!
You thump the endoplasm!
You kill the endoplasm!
No target in view!
No target in view!
No target in view!
Found an escape hatch in the floor.
No target in view!
There is a stone staircase leading down here.
You now have 123 gold pieces (gained 13).
A worm comes into view.
You see here a scroll labelled GUSHRA ORAWARU.
An ogre comes into view. It is wielding a +0 giant club.
The ogre shouts!
A hobgoblin comes into view.
There are monsters nearby!
Found a stone staircase leading down.
The hobgoblin shouts!
You hear an angry hiss.
There are monsters nearby!
A quokka comes into view.
Found 3 scrolls labelled VAADYWK VEIRCH.
There are monsters nearby!
A wyvern comes into view.
The wyvern hisses angrily.
The ogre hits you with a +0 giant club. The worm completely misses you.
There are monsters nearby!
You hit the ogre.
The ogre is lightly wounded.
The ogre hits you with a +0 giant club!!
Ouch! That really hurt!
* * * LOW HITPOINT WARNING * * *
There are monsters nearby!
You are too injured to fight recklessly!
Found a stone staircase leading up.
You block the wyvern's attack. The wyvern bites you!
You die...

.........# .
..........##..##
...........<....
#..(.....##..#
#............. #..
####.(..(......######...
/.......#...#..##......
.##...#..@lr#..##....#
..........#.O..##....#
##.......g..........#
##...†..#....w......###
...............>.......###
.........>..#..?..........
..#..#.........#..........
# #.##........##..........
.........................


You could see a wyvern, an ogre, a worm, a quokka and a hobgoblin.

Vanquished Creatures
  An orc priest (D:3)
  4 adders
  2 worms
  5 dart slugs
  5 orcs
  4 bats
  4 endoplasms
  4 giant cockroaches
  3 goblins (D:2)
  5 hobgoblins
  3 kobolds
  3 quokkas (D:2)
  3 ball pythons
  3 frilled lizards
  7 rats (D:1)
56 creatures vanquished.

Notes
Turn   | Place    | Note
-------+----------+-------------------------------------------
     0 | D:1      | mordus the Formicid Fighter began the quest for the Orb.
     0 | D:1      | Reached XP level 1. HP: 18/18 MP: 1/1
   239 | D:1      | Reached XP level 2. HP: 22/24 MP: 2/2
   409 | D:1      | Found a faded altar of an unknown god.
   460 | D:1      | Reached XP level 3. HP: 29/29 MP: 3/3
  1950 | D:2      | Reached XP level 4. HP: 31/35 MP: 4/4
  2628 | D:3      | Reached XP level 5. HP: 26/41 MP: 5/5
  3466 | D:4      | Noticed an ogre
  3469 | D:4      | Noticed a wyvern
  3480 | D:4      | Slain by a wyvern

Illustrated notes

Levels and vault maps discovered:
D:1:      dpeg_cavernosity, layout_basic, dreamdust_ecumenical_altar_grove,
          serial_curves, eino_curves_01, eino_curves_02
D:2:      layout_basic, hex_intersection
D:3:      layout_rooms
D:4:      layout_rooms, uniq_eustachio

Skill      XL: |  1  2  3  4  5 |
---------------+----------------+-----
Shields        | 4 |  4.6
Maces & Flails | 3 4 |  4.0
Armour         | 4 |  4.2
Fighting       | |  3.2

Action                   |  1- 3 |  4- 6 || total
-------------------------+-------+-------++-------
Melee: Flail             |   147 |    86 ||   233
Armor: Scale mail        |    68 |    44 ||   112
Dodge: Dodged            |    70 |    37 ||   107
Block: Buckler           |    35 |    30 ||    65

Table legend: (Time is in decaauts)
 A = Elapsed time spent in this place.
 B = Non-inter-level travel time spent in this place.
 C = Inter-level travel time spent in this place.
 D = Time resting spent in this place.
 E = Time spent auto-exploring this place.
 F = Levels seen in this place.
 G = Mean time per level.
                   A        B        C        D        E       F      G
               +--------+--------+--------+--------+--------+-----+--------+
         Total |   3540 |   3476 |     64 |    618 |   2283 |   4 |  885.0 |
       Dungeon |   3540 |   3476 |     64 |    618 |   2283 |   4 |  885.0 |
               +--------+--------+--------+--------+--------+-----+--------+

Top non-repeatable levels by time:
     D:2: 1483 daAuts
     D:1: 1148 daAuts
     D:3: 877 daAuts
     D:4: 31 daAuts
